 Dungeon Crawl Stone Soup version 0.30.1-4-g462c640d31 (webtiles) character file.

Game seed: 17318669495636920786

520 Bobit the Poker (level 7, -4/60 HPs)
             Began as a Gnoll Cinder Acolyte on Aug 13, 2023.
             Was an Initiate of Ignis.
             Slain by Robin
             ... wielding a +3 trident
              (6 damage)
             ... on level 3 of the Dungeon.
             The game lasted 00:10:05 (3057 turns).

Bobit the Poker (Gnoll Cinder Acolyte)              Turns: 3057, Time: 00:10:05

Health: -4/60      AC:  3    Str: 15    XL:     7   Next: 21%
Magic:  1/12       EV: 16    Int: 14    God:    Ignis [......]
Gold:   125        SH:  0    Dex:  7    Spells: 11/13 levels left

rFire   + . .        a - -1 spear (flame)
rCold   . . .        (no shield)
rNeg    . . .        f - +0 leather armour
rPois   .            (no helmet)
rElec   .            (no cloak)
rCorr   .            (no gloves)
SInv    .            (no boots)
Will    .....        (no amulet)
Stlth   +            k - +5 ring of evasion
HPRegen 0.30/turn    (no ring)
MPRegen 0.13/turn

%: no passive effects
@: no status effects
A: fangs 1, strong nose, distributed training
a: Renounce Religion, Rising Flame


You were on level 3 of the Dungeon.
You worshipped Ignis.
Ignis was noncommittal.
You visited 1 branch of the dungeon, and saw 3 of its levels.

You collected 125 gold pieces.

Inventory:

Hand Weapons
 a - a -1 spear of flaming (weapon)
Missiles
 l - 6 javelins (quivered)
Armour
 b - a +0 robe
 f - a +0 leather armour (worn)
Jewellery
 k - a +5 ring of evasion (left hand)
Scrolls
 e - a scroll of acquirement {unknown}
 h - 2 scrolls of identify {unknown}
 j - a scroll of teleportation {unknown}
 m - a scroll of blinking {unknown}
 n - a scroll of noise {unknown}
Potions
 c - 2 potions of curing {unknown}
 d - a potion of magic {unknown}
 g - a potion of degeneration {unknown}
 i - a potion of flight {unknown}


   Skills:
 + Level 7.0 Fighting
 + Level 2.4 Short Blades
 + Level 2.4 Long Blades
 + Level 2.4 Axes
 + Level 2.4 Maces & Flails
 + Level 7.0 Polearms
 + Level 2.4 Staves
 + Level 2.4 Ranged Weapons
 + Level 2.4 Throwing
 + Level 2.4 Armour
 + Level 2.4 Dodging
 + Level 2.4 Stealth
 + Level 2.4 Shields
 + Level 2.4 Unarmed Combat
 + Level 3.7 Spellcasting
 + Level 2.0 Conjurations
 + Level 2.0 Hexes
 + Level 2.0 Summonings
 + Level 2.0 Necromancy
 + Level 2.0 Translocations
 + Level 2.0 Transmutations
 + Level 5.8 Fire Magic
 + Level 2.0 Ice Magic
 + Level 2.0 Air Magic
 + Level 2.0 Earth Magic
 + Level 2.0 Poison Magic
 + Level 2.7 Invocations
 + Level 2.4 Evocations


You had 11 spell levels left.
You knew the following spells:

 Your Spells              Type           Power      Damage    Failure   Level
a - Scorch                Fire           38%        2d6       3%          2

Your spell library contained the following spells:

 Spells                   Type           Power      Damage    Failure   Level
 Alistair's Intoxication  Tmut/Pois      5%         N/A       96%         5
 Borgnjor's Vile Clutch   Necr/Erth      4%         N/A       96%         5
 Eringya's Noxious Bog    Tmut/Pois      4%         N/A       100%        6


Dungeon Overview and Level Annotations

Branches:
Dungeon (3/15)

Altars:
Ignis

Annotations:
D:3 Robin


Innate Abilities, Weirdness & Mutations

You have very sharp teeth.
Your uncanny sense of smell can sniff out nearby items.
Your experience applies equally to all skills.


Message History

Found a scroll labelled BINYMO GYCK.
You hit the goblin but do no damage. The goblin closely misses you.
You hit the goblin. You burn the goblin.
You kill the goblin!
You hit the goblin. You burn the goblin.
You kill the goblin!
Found a stone staircase leading down and a stone staircase leading up.
The hobgoblin no longer looks unusually strong.
Robin roars a battlecry!
The hobgoblin goes into a battle-frenzy!
The hobgoblin closely misses you. Robin completely misses you.
You barely miss the hobgoblin.
The hobgoblin is severely wounded.
Robin completely misses you. The hobgoblin closely misses you.
You barely miss the hobgoblin.
The hobgoblin is severely wounded.
Robin hits you from afar with a +3 trident!
* * * LOW HITPOINT WARNING * * *
The hobgoblin hits you but does no damage.
Robin closely misses you.
Casting: Scorch (safe; 3% risk of failure)
Confirm with . or Enter, or press ? or * to list all spells.
Flames lash the hobgoblin.
You kill the hobgoblin!
Robin closely misses you.
Unknown command.
Robin barely misses you. Robin hits you with a +3 trident.
* * * LOW HITPOINT WARNING * * *
You see here a hobgoblin corpse.
You hit Robin but do no damage. You punch Robin.
Robin is heavily wounded.
Robin hits you with a +3 trident.
* * * LOW HITPOINT WARNING * * *
You closely miss Robin. You bite Robin.
Robin is heavily wounded.
Robin misses you.
You hit Robin but do no damage.
Robin is heavily wounded.
Robin hits you with a +3 trident.
You die...

#.#)# ####..#
##.#.#)## ##..#
#.†.).#.# ##...#####
#..###)## #.#.......
#.. #.# ##...####. #..
#.########.#####. #..
#..............#.
#..###...#.####.###)#.
#....@g.## #.# #)#.
#.####.....# #.# #.#.
# #.$.>... ..# #.#.
#...?#########.#.
∆.<.#.............
#....###.#####.##
#..### #.# ..# ...
####


You could see Robin (fast).

Vanquished Creatures
  Grinder (D:3)
  A centaur (D:3)
  Jessica (D:3)
  Natasha (thrice) (D:2)
  5 adders
  2 worms (D:2)
  2 dart slugs (D:1)
  2 bats
  7 endoplasms
  A giant cockroach (D:1)
  12 hobgoblins
  13 jackals
  6 kobolds
  2 quokkas (D:1)
  4 ball pythons
  5 frilled lizards
  11 goblins
  11 rats
89 creatures vanquished.

Vanquished Creatures (others)
  28 foxfires
28 creatures vanquished.

Grand Total: 117 creatures vanquished

Notes
Turn   | Place    | Note
-------+----------+-------------------------------------------
     0 | D:1      | Bobit the Gnoll Cinder Acolyte began the quest for the Orb.
     0 | D:1      | Reached XP level 1. HP: 23/23 MP: 4/4
   173 | D:1      | Reached XP level 2. HP: 29/29 MP: 5/5
   312 | D:1      | Reached XP level 3. HP: 35/35 MP: 7/7
   381 | D:1      | Reached skill level 1 in Invocations
   741 | D:1      | Reached skill level 1 in Short Blades
   741 | D:1      | Reached skill level 1 in Long Blades
   741 | D:1      | Reached skill level 1 in Axes
   741 | D:1      | Reached skill level 1 in Maces & Flails
   741 | D:1      | Reached skill level 1 in Staves
   741 | D:1      | Reached skill level 1 in Ranged Weapons
   741 | D:1      | Reached skill level 1 in Throwing
   741 | D:1      | Reached skill level 1 in Armour
   741 | D:1      | Reached skill level 1 in Dodging
   741 | D:1      | Reached skill level 1 in Stealth
   741 | D:1      | Reached skill level 1 in Shields
   741 | D:1      | Reached skill level 1 in Unarmed Combat
   741 | D:1      | Reached skill level 1 in Evocations
  1077 | D:2      | Reached XP level 4. HP: 36/41 MP: 8/8
  1258 | D:2      | Noticed Natasha
  1274 | D:2      | Killed Natasha
  1275 | D:2      | Reached skill level 1 in Conjurations
  1275 | D:2      | Reached skill level 1 in Hexes
  1275 | D:2      | Reached skill level 1 in Summonings
  1275 | D:2      | Reached skill level 1 in Necromancy
  1275 | D:2      | Reached skill level 1 in Translocations
  1275 | D:2      | Reached skill level 1 in Transmutations
  1275 | D:2      | Reached skill level 1 in Ice Magic
  1275 | D:2      | Reached skill level 1 in Air Magic
  1275 | D:2      | Reached skill level 1 in Earth Magic
  1275 | D:2      | Reached skill level 1 in Poison Magic
  1608 | D:2      | Noticed Natasha
  1616 | D:2      | Killed Natasha
  1617 | D:2      | Reached XP level 5. HP: 40/47 MP: 9/9
  1629 | D:2      | Noticed Natasha
  1637 | D:2      | Killed Natasha
  1898 | D:2      | Found a faded altar of an unknown god.
  1915 | D:2      | Prayed at the altar of an unknown god.
  2196 | D:2      | Learned a level 2 spell: Scorch
  2224 | D:3      | Noticed Grinder
  2237 | D:3      | Paralysed by Grinder for 4 turns
  2242 | D:3      | HP: 2/47 [Grinder (4)]
  2414 | D:3      | Killed Grinder
  2415 | D:3      | Reached XP level 6. HP: 35/53 MP: 9/11
  2835 | D:3      | Noticed Jessica
  2843 | D:3      | Reached XP level 7. HP: 15/60 MP: 12/12
  2844 | D:3      | Killed Jessica
  3024 | D:3      | Noticed Robin
  3055 | D:3      | HP: 2/60 [Robin/+3 trident (6)]
  3057 | D:3      | Slain by Robin

Illustrated notes

Levels and vault maps discovered:
D:1:      wander_arrival_peaceful_grave, layout_loops_ring,
          chequers_serial_rivers_room_a
D:2:      layout_basic, basic_ecumenical_altar, uniq_natasha
D:3:      layout_loops_ring, nicolae_overflow_hidden_temple,
          chequers_decorated_corner, lightli_corner_chamber, uniq_grinder,
          uniq_jessica, uniq_robin

Skill      XL: |  1  2  3  4  5  6  7 |
---------------+----------------------+-----
Invocations    | 1 2 |  2.7
Short Blades   | 1 2 |  2.4
Long Blades    | 1 2 |  2.4
Axes           | 1 2 |  2.4
Maces & Flails | 1 2 |  2.4
Staves         | 1 2 |  2.4
Ranged Weapons | 1 2 |  2.4
Throwing       | 1 2 |  2.4
Armour         | 1 2 |  2.4
Dodging        | 1 2 |  2.4
Stealth        | 1 2 |  2.4
Shields        | 1 2 |  2.4
Unarmed Combat | 1 2 |  2.4
Evocations     | 1 2 |  2.4
Spellcasting   | 3 |  3.7
Conjurations   | 1 2 |  2.0
Hexes          | 1 2 |  2.0
Summonings     | 1 2 |  2.0
Necromancy     | 1 2 |  2.0
Translocations | 1 2 |  2.0
Transmutations | 1 2 |  2.0
Ice Magic      | 1 2 |  2.0
Air Magic      | 1 2 |  2.0
Earth Magic    | 1 2 |  2.0
Poison Magic   | 1 2 |  2.0
Fighting       | 7 |  7.0
Polearms       | 7 |  7.0
Fire Magic     | |  5.8

Action                     |  1- 3 |  4- 6 |  7- 9 || total
---------------------------+-------+-------+-------++-------
  Melee: Spear             |   170 |   154 |    18 ||   342
         Bite              |    19 |    10 |     1 ||    30
         Punch             |     1 |     1 |     1 ||     3
   Cast: Scorch            |       |       |     8 ||     8
 Invoke: Foxfire Swarm     |       |     6 |       ||     6
         Fiery Armour      |       |     4 |       ||     4
   Stab: Sleeping          |     2 |     4 |       ||     6
 Armour: Robe              |    18 |       |       ||    18
         Leather armour    |     8 |    31 |     8 ||    47
  Dodge: Dodged            |    82 |    84 |    31 ||   197
